 Dungeon Crawl Stone Soup version 0.30-a0-739-gea05faddec (webtiles) character file.

Game seed: 13026005547826885404

18 ASSMAN the Sneak (level 2, 0/28 HPs)
             Began as a Naga Delver on Feb 5, 2023.
             Killed from afar by Ijyb (12 damage)
             ... with a bolt of light
             ... on level 5 of the Dungeon.
             The game lasted 00:00:27 (55 turns).

ASSMAN the Sneak (Naga Delver)                        Turns: 55, Time: 00:00:28

Health: 0/28       AC:  2    Str: 14    XL:     2   Next: 70%
Magic:  2/2        EV:  9    Int: 10    God:
Gold:   14         SH:  0    Dex: 12    Spells: 1/1 levels left

rFire   . . .      SeeInvis +    a - +0 hand axe
rCold   . . .      Faith    .    (no shield)
rNeg    . . .      Spirit   .    b - +0 leather armour
rPois   +          Reflect  .    (no helmet)
rElec   .          Harm     .    (no cloak)
rCorr   .          Rampage  .    (no gloves)
Will    .....                    (no barding)
Stlth   +++                      (no amulet)
HPRegen 0.24/turn                (no ring)
MPRegen 0.08/turn                (no ring)

@: very slow
A: AC +0, large, see invisible, deformed body, poison resistance, slowness 2,
spit poison 1, naga tail 1
a: Spit Poison


You were on level 5 of the Dungeon.
You visited 1 branch of the dungeon, and saw 1 of its levels.

You collected 14 gold pieces.

Inventory:

Hand Weapons
 a - a +0 hand axe (weapon)
Armour
 b - a +0 leather armour (worn)
Wands
 g - a wand of digging (3)
Scrolls
 c - a scroll of fog
 e - a scroll of fear
Potions
 f - a potion of haste


   Skills:
 - Level 3.0 Fighting
 + Level 2.6 Axes
 - Level 1.5 Dodging
 + Level 7.8 Stealth


You had one spell level left.
You didn't know any spells.
Your spell library was empty.

Dungeon Overview and Level Annotations

Branches:
Dungeon (5/15)
 Temple: D:4-7

Altars:

Annotations:
D:5 Ijyb


Innate Abilities, Weirdness & Mutations

Your serpentine skin is tough. (AC +0)
You have supernaturally acute eyesight. (SInv)
Armour fits poorly on your strangely shaped body.
Your system is resistant to poisons. (rPois)
You cover ground very slowly.
You can spit poison.
You have a snake-like lower body.


Message History

Aim: an adder (heavily wounded, 31% to hit)
The splash of poison hits the adder!
The adder is poisoned.
You kill the adder!
You have reached level 2!
You have got your breath back.
Ijyb the Twisted Goblin comes into view.
She is wielding a +0 club and carrying a wand of light (7).
An adder and a gnoll come into view.
Aiming: Spit Poison (2% risk of failure)
Press: ? - help, Shift-Dir - straight line, f - gnoll
Aim: a gnoll, wielding a +0 club (65% to hit)
The splash of poison misses the gnoll.
The adder hisses angrily.
You hit the gnoll but do no damage.
Ijyb shouts!
You hear a shout!
The gnoll hits you with a +0 club.
A worm comes into view. x2
The gnoll hits you with a +0 club.
You hear a shout! x3
You have got your breath back.
You hit the gnoll.
The gnoll is moderately wounded.
The gnoll hits you with a +0 club.
You hit the gnoll.
The gnoll is moderately wounded.
An orc comes into view.
It is wielding a +2 hand axe of flaming.
The gnoll closely misses you.
You slash the gnoll!
The gnoll is almost dead.
A rat comes into view.
The gnoll completely misses you.
You hit the gnoll.
You kill the gnoll!
A gnoll bouda comes into view. It is wielding a +0 club.
The orc barely misses you.
The gnoll bouda shouts!
You hit the orc. You punch the orc.
You kill the orc!
The gnoll bouda barks out a call to the hunt!
Ijyb zaps a wand.
The bolt of light hits you!
You die...

,,,,**~~~~~~*∩*,,,,,,,,,***#.# **
,,,,,*~**##*###*****,**** ##.#
,,,,,*~~~~~~~~~*****,* #..####
,,,*****#~#~#~~**,,,,* ###......
,,,,,,,~~~r~.~.,,,**** ##(..#####
,,,,,,,,.~.....,*#######..#.# *#<
,,,,,,,,....w..**#...#...#..#*#..
,,,,,,,,......g###...#.##........
,,,,,,,,,,,,,#g)@....#.##........
,,,*,,,,,,,,,####......##.......#
,,**,,,,,,,,,* ##...####.......#
****,,,,,,,,,* ###...#**$.......#
*********** #.....#*,,..######
#.....#***### ***#.....#
********#........#
*,,,,,,,...#######


You could see Ijyb, a gnoll bouda, a worm and a rat.

Vanquished Creatures
  A gnoll (D:5)
  An adder (D:5)
  An orc (D:5)
3 creatures vanquished.

Notes
Turn   | Place    | Note
-------+----------+-------------------------------------------
     0 | D:5      | ASSMAN the Naga Delver began the quest for the Orb.
     0 | D:5      | Reached XP level 1. HP: 21/21 MP: 1/1
    42 | D:5      | Reached XP level 2. HP: 21/28 MP: 2/2
    45 | D:5      | Noticed Ijyb
    55 | D:5      | Killed from afar by Ijyb

Illustrated notes

Levels and vault maps discovered:
D:5:      layout_rooms, yredelemnul_altar_generic, lightli_sewer_entry_pipes,
          corexii_item_surrounded_by_moat, uniq_sigmund, uniq_menkaure,
          uniq_ijyb

Action                     || total
---------------------------++-------
  Melee: Hand axe          ||    10
         Punch             ||     1
Ability: Spit Poison       ||     2
    Use: Scroll            ||     1
   Stab: Sleeping          ||     1
  Dodge: Dodged            ||     6

Table legend: (Time is in decaauts)
 A = Elapsed time spent in this place.
 B = Non-inter-level travel time spent in this place.
 C = Inter-level travel time spent in this place.
 D = Time resting spent in this place.
 E = Time spent auto-exploring this place.
 F = Levels seen in this place.
 G = Mean time per level.
                   A        B        C        D        E       F      G
               +--------+--------+--------+--------+--------+-----+--------+
         Total |     73 |     35 |     38 |      0 |      0 |   1 |   73.0 |
       Dungeon |     73 |     35 |     38 |      0 |      0 |   1 |   73.0 |
               +--------+--------+--------+--------+--------+-----+--------+

Top non-repeatable levels by time:
     D:5: 73 daAuts
